 Dungeon Crawl Stone Soup version 0.24.1 (webtiles) character file.

Game seed: 3252704254836450363, levelgen mode: deterministic

81 lepoulpe303 the Sneak (level 4, 0/21 HPs)
             Began as a Spriggan Enchanter on Apr 1, 2020.
             Succumbed to an adder's poison
             ... on level 3 of the Dungeon.
             The game lasted 00:07:31 (2837 turns).

lepoulpe303 the Sneak (Spriggan Enchanter)          Turns: 2837, Time: 00:07:32

Health: 0/21       AC:  2    Str:  4    XL:     4   Next: 20%
Magic:  9/9        EV: 18    Int: 22    God:
Gold:   148        SH:  0    Dex: 16    Spells: 2/8 levels left

rFire    + . .     SeeInvis +   a - +0 short sword
rCold    + . .     Gourm    .   (shield restricted)
rNeg     . . .     Faith    .   b - +0 robe
rPois    +         Spirit   .   (helmet restricted)
rElec    +         Reflect  .   (no cloak)
rCorr    +         Harm     .   (gloves unavailable)
MR       .....                  (boots unavailable)
Stlth    +++.......             (no amulet)
HPRegen  0.07/turn              (no ring)
MPRegen  0.11/turn              (no ring)

@: brilliant, lethally poisoned (0 -> -10), resistant, very slightly
contaminated, invisible, very quick
A: very small, unfitting armour, see invisible, herbivore, speed 3, slow
metabolism 2
a: no special abilities


You were on level 3 of the Dungeon.
You were not hungry.

You visited 1 branch of the dungeon, and saw 3 of its levels.

You collected 148 gold pieces.

Inventory:

Hand Weapons
 a - a +0 short sword (weapon)
Armour
 b - a +0 robe (worn)
Jewellery
 j - an uncursed ring of protection from fire {unknown}
 x - a +3 amulet of reflection {unknown}
Wands
 v - a wand of disintegration (16)
Scrolls
 d - 4 scrolls of enchant weapon {unknown}
 f - a scroll of fear {unknown}
 g - a scroll of blinking {unknown}
 h - a scroll of magic mapping {unknown}
 i - 2 scrolls of remove curse {unknown}
 k - a scroll of random uselessness {unknown}
 l - 2 scrolls of amnesia {unknown}
 m - 2 scrolls of fog {unknown}
 u - 5 scrolls of identify {unknown}
 y - a scroll of noise {unknown}
Potions
 n - a potion of resistance
 o - a potion of magic
 q - a potion of agility {unknown}
 r - a potion of curing {unknown}
 s - a potion of mutation {unknown}
 t - a potion of heal wounds {unknown}
 w - a potion of flight {unknown}
Comestibles
 e - 7 rations


   Skills:
 + Level 3.2 Short Blades
 - Level 3.0 Dodging
 + Level 6.3 Stealth
 - Level 2.6 Spellcasting
 - Level 3.6 Hexes


You had 2 spell levels left.
You knew the following spells:

 Your Spells              Type           Power        Failure   Level  Hunger
a - Ensorcelled Hibernat  Hex/Ice        ###...       1%          2    ##.....
c - Confuse               Hex            ####....     1%          3    ###....
v - Corona                Hex            ####...      1%          1    None

Your spell library contained the following spells:

 Spells                   Type           Power        Failure   Level  Hunger
 Tukima's Dance           Hex            ####....     1%          3    ###....
 Dazzling Spray           Conj/Hex       ###...       2%          3    ###....


Dungeon Overview and Level Annotations

Branches:
Dungeon (3/15)

Altars:
Nemelex Xobeh
Qazlal
Ru
Vehumet


Innate Abilities, Weirdness & Mutations

You are very small and have problems with some larger weapons.
You are too small for most types of armour.
You have supernaturally acute eyesight. (SInv)
You are a herbivore.
You cover ground extremely quickly.
You need to consume almost no food.


Message History

It was a potion of magic.
Magic courses through your body.
* * * LOW HITPOINT WARNING * * *
You feel sick.
You take 1 damage, and have 3/21 hp.
MP restored: 9 It was a potion of resistance.
You feel protected.
n - a potion of resistance;
f - a scroll labeled WEIGRY TEIDABB
* * * LOW HITPOINT WARNING * * *
You feel sick.
You take 1 damage, and have 2/21 hp.
It was a potion of invisibility.
You fade into invisibility!
* * * LOW HITPOINT WARNING * * *
You feel sick.
You are very lightly contaminated with residual magic.
You take 1 damage, and have 1/21 hp.
It was a potion of brilliance.
You feel clever all of a sudden.
You die...

###.#
#.##..###.#.#
###.#
##.####...#.#
##..#
##.###.###.#
#..##
####.##.###.#
..##
#..##.#.##..#
.### #.#.#.#.##.#
...# ####.##.##.#
##.# #.###.##.#
##.# #..##.#.@#
.. #..##...## #.
##.#####.# ##
#..##..### #.# .#
#....<..###.#
.#######.##...#.#
......##.####...#
###.#.....# ..##
#.......####...#


There were no monsters in sight!

Levels and vault maps discovered:
D:1:      lightli_arrival_quake, layout_basic
D:2:      layout_loops_corners, vehumet_crystals, first_ration,
          chequers_ecumenical_altar_simple_redux
D:3:      layout_rooms, hangedman_ru_absence, nemelex_altar_shiori,
          marbit_many_paths, interstate_on_off, chequers_garden

Notes
Turn   | Place    | Note
-------+----------+-------------------------------------------
     0 | D:1      | lepoulpe303 the Spriggan Enchanter began the quest for the
                  | Orb.
     0 | D:1      | Reached XP level 1. HP: 9/9 MP: 5/5
    49 | D:1      | Identified a +0 short sword (You found it on level 1 of the
                  | Dungeon)
   286 | D:1      | Identified a +0 club
   309 | D:1      | Reached XP level 2. HP: 12/13 MP: 6/6
   310 | D:1      | Reached skill level 5 in Stealth
   314 | D:1      | Learned a level 2 spell: Ensorcelled Hibernation
   330 | D:1      | Identified a +0 dagger
   944 | D:2      | Identified a +0 dagger
   948 | D:2      | Reached skill level 2 in Short Blades
   949 | D:2      | Found a faded altar of an unknown god.
  1212 | D:2      | Identified a +0 club
  1216 | D:2      | Found a radiant altar of Vehumet.
  1216 | D:2      | Identified a +0 short sword
  1271 | D:2      | Identified a +0 short sword
  1368 | D:2      | Reached XP level 3. HP: 16/16 MP: 4/8
  1373 | D:2      | Learned a level 3 spell: Confuse
  1638 | D:2      | Identified a +0 dagger
  1842 | D:2      | Identified a +0 club
  2025 | D:3      | Identified a +0 club
  2030 | D:3      | Found a stormy altar of Qazlal.
  2184 | D:3      | Reached skill level 6 in Stealth
  2386 | D:3      | Found a sacrificial altar of Ru.
  2386 | D:3      | Identified a +0 dagger
  2386 | D:3      | Identified a cursed +0 leather armour
  2411 | D:3      | Identified a cursed +0 dagger
  2415 | D:3      | Reached skill level 3 in Short Blades
  2415 | D:3      | Reached XP level 4. HP: 16/21 MP: 3/9
  2639 | D:3      | Found a sparkling altar of Nemelex Xobeh.
  2704 | D:3      | Identified a +0 club
  2831 | D:3      | HP: 4/21 [poisoned by an adder]
  2834 | D:3      | Identified 2 potions of magic
  2835 | D:3      | Identified 2 potions of resistance
  2836 | D:3      | Identified a potion of invisibility
  2836 | D:3      | HP: 1/21 [poisoned by an adder]
  2837 | D:3      | Identified a potion of brilliance
  2837 | D:3      | Succumbed to an adder's poison

Table legend:
 A = Turns spent in this place as a percentage of turns spent in the entire game.
 B = Non-inter-level travel turns spent in this place as a percentage of non-inter-level travel turns spent in the entire game.
 C = Inter-level travel turns spent in this place as a percentage of turns spent in this place.
 D = Turns resting spent in this place as a percentage of non-inter-level travel turns spent in this place.
 E = Turns spent auto-exploring this place as a percentage of non-inter-level travel turns spent in this place.
 F = Non-inter-level travel turns spent in this place divided by the number of levels of this place that you've seen.
                   A       B       C       D       E      F
               +-------+-------+-------+-------+-------+----------------------
         Total | 100.0 | 100.0 |   1.5 |  22.1 |  60.5 | 931.7
       Dungeon | 100.0 | 100.0 |   1.5 |  22.1 |  60.5 | 931.7
               +-------+-------+-------+-------+-------+----------------------

Table legend:
 A = Kills in this place as a percentage of kills in entire the game.
 B = Kills by you in this place as a percentage of kills by you in the entire game.
 C = Kills by friends in this place as a percentage of kills by friends in the entire game.
 D = Other kills in this place as a percentage of other kills in the entire game.
 E = Experience gained in this place as a percentage of experience gained in the entire game.
 F = Experience gained in this place divided by the number of levels of this place that you have seen.
                   A       B       C       D       E      F
               +-------+-------+-------+-------+-------+----------------------
         Total | 100.0 | 100.0 |   N/A | 100.0 | 100.0 |  39.0
       Dungeon | 100.0 | 100.0 |   N/A | 100.0 | 100.0 |  39.0
               +-------+-------+-------+-------+-------+----------------------

Skill      XL: |  1  2  3 |
---------------+----------+-----
Stealth        | 5 6 |  6.3
Short Blades   | 2 3 |  3.2
Dodging        | |  3.0
Spellcasting   | |  2.6
Hexes          | |  3.6

Action                   |  1- 3 |  4- 6 || total
-------------------------+-------+-------++-------
Melee: Short sword       |   125 |    24 ||   149
       Dagger            |     1 |       ||     1
 Cast: Ensorcelled Hiber |     3 |       ||     3
       Corona            |     2 |       ||     2
       Confuse           |     3 |     2 ||     5
  Use: Potion            |       |     4 ||     4
 Stab: Sleeping          |    21 |     1 ||    22
       Distracted        |     1 |       ||     1
       Confused          |     2 |       ||     2
Armor: Robe              |    10 |     1 ||    11
Dodge: Dodged            |    74 |    15 ||    89

Vanquished Creatures
  3 adders
  An ooze (D:3)
  2 worms (D:2)
  A leopard gecko (D:1)
  An orc (D:3)
  A ball python (D:2)
  2 giant cockroaches (D:1)
  9 goblins
  3 hobgoblins
  3 quokkas
  3 bats (D:2)
  8 frilled lizards
  4 kobolds
  6 rats
47 creatures vanquished.
